 Dungeon Crawl Stone Soup version 0.29-a0-876-gfc89b1a5bd (webtiles) character file.

Game seed: 13519310788107013116

87 zeratav the Stinger (level 4, 0/27 HPs)
             Began as an Octopode Venom Mage on July 19, 2022.
             Slain by an adder (4 damage)
             ... on level 3 of the Dungeon.
             The game lasted 00:01:50 (2607 turns).

zeratav the Stinger (Octopode Venom Mage)           Turns: 2607, Time: 00:01:51

Health: 0/27       AC:  1    Str:  7    XL:     4   Next: 51%
Magic:  7/7        EV: 13    Int: 19    God:
Gold:   135        SH:  0    Dex: 12    Spells: 6/7 levels left

rFire   . . .      SeeInvis .   k - +0 dagger {short}
rCold   . . .      Faith    .   (no shield)
rNeg    . . .      Spirit   .   (helmet restricted)
rPois   .          Reflect  .   (no amulet)
rElec   .          Harm     .   (no ring)
rCorr   .          Rampage  .   (no ring)
Will    .....                   (no ring)
Stlth   ++++......              (no ring)
HPRegen 0.09/turn               (no ring)
MPRegen 0.10/turn               (no ring)
                                (no ring)
                                (no ring)

@: lethally poisoned (0 -> -4)
A: almost no armour, amphibious, 8 rings, camouflage 1, gelatinous body 1,
(nimble swimmer 1), tentacles
a: no special abilities


You were on level 3 of the Dungeon.
You visited 1 branch of the dungeon, and saw 3 of its levels.

You collected 135 gold pieces.


Innate Abilities, Weirdness & Mutations

You cannot wear most types of armour.
You are amphibious.
You can wear up to eight rings at the same time.
Your skin changes colour to match your surroundings (Stealth+).
Your rubbery body absorbs attacks. (AC +1, EV +1)
((You are camouflaged when in or above water. (Stealth+)))
You have tentacles for arms and can constrict up to eight enemies at once.


   Skills:
 - Level 2.0 Dodging
 - Level 5.0 Stealth
 - Level 2.0 Spellcasting
 - Level 1.0 Transmutations
 + Level 5.1 Poison Magic


You had 6 spell levels left.
You knew the following spells:

 Your Spells              Type           Power      Damage    Failure   Level
a - Sting                 Tmut/Pois      52%        1d5       4%          1

Your spell library contained the following spells:

 Spells                   Type           Power      Damage    Failure   Level
 Poisonous Vapours        Pois/Air       22%        N/A       9%          2
 Olgreb's Toxic Radiance  Pois           21%        N/A       21%         4
 Mephitic Cloud           Conj/Pois/Air  8%         N/A       26%         3

Inventory:

Hand Weapons
 d - a +1 vorpal spear {polearm}
   (You found it on level 1 of the Dungeon)
 k - a +0 dagger (weapon) {short}
   (You took it off a goblin on level 2 of the Dungeon)
Scrolls
 b - a scroll of poison {unknown}
 c - 5 scrolls of teleportation {unknown}
 e - a scroll of fear {unknown}
 g - 4 scrolls of identify {unknown}
 h - a scroll of magic mapping {unknown}
 j - 2 scrolls of enchant armour {unknown}
 l - a scroll of amnesia {unknown}
Potions
 a - 2 potions of magic
 f - a potion of berserk rage {unknown}
 i - 2 potions of curing {unknown}
 m - 2 potions of mutation {unknown}

Dungeon Overview and Level Annotations

Branches:
Dungeon (3/15) Zot: 15382

Altars:
Wu Jian

........######..#
.#.##.#.# #..#
[#.##.#<# #..###
##.##.#.#
#....#####
..##.#.#
#........#
####.#.#
##....###.# #.#.#
#..#......# ..#
##...#.##.# ###
#.r@#...
#...So###..#
#.#..S# ....
.......# .##
###.#.... .
#.#.... # #....
###...


You could see 2 adders, an orc and a rat.


Message History

No target in view!
(D) Dungeon
Where to? (Enter - D:2 @ (x,y), ? - help)
There is an open door here.
There is a stone staircase leading down here.
You climb downwards.
There is a stone staircase leading up here.
Found a stone staircase leading up.
A rat comes into view.
Found a stone staircase leading down.
You see here 14 gold pieces.
The helpless rat fails to defend itself.
You puncture the rat!
You kill the rat!
No target in view!
No target in view!
No target in view!
No target in view!
No target in view!
No target in view!
No target in view!
No target in view!
No target in view!
No target in view!
You now have 135 gold pieces (gained 14).
c - 5 scrolls labelled ROECWU ORUH (gained 1)
An adder comes into view.
An adder is nearby!
An adder is nearby!
An adder is nearby!
The adder hisses angrily.
You hear a shout!
An orc wizard comes into view. It is wielding a +0 dagger.
An orc comes into view. It is wielding a +0 club.
You barely miss the adder.
The orc shouts!
Your grab misses the adder. The adder bites you.
You are poisoned.
The adder poisons you!
An adder comes into view.
HP[-3]
You take 3 damage, and now have 18/21 hp.
You hit the adder. You grab the adder. You constrict the adder.
You feel sick. The adder bites you.
A rat comes into view.
HP[-3]
You take 3 damage, and now have 15/21 hp.
You hit the adder. You constrict the adder.
You feel sick. The adder misses you.
You hit the adder.
You kill the adder!
You feel sick.
You have reached level 4!
You hit the orc wizard. You grab the orc wizard. You squeeze the orc wizard.
You constrict the orc wizard.
You feel sick.
The orc wizard points at you and mumbles some strange words.
You resist with some effort.
HP[+2] MP[+1]
You now have 27 max hp (+6).
You regained 2 hp, and now have 17/27 hp.
Your mp is fully restored (7).
You hit the orc wizard. You constrict the orc wizard.
You feel sick.
You are no longer poisoned.
An adder comes into view.
The orc wizard hits you but does no damage.
HP[-1]
You take 1 damage, and now have 16/27 hp.
The adder hisses angrily.
You hit the orc wizard but do no damage.
You squeeze the orc wizard.
You constrict the orc wizard, but do no damage.
The adder bites you. The orc wizard barely misses you.
HP[-2]
You take 2 damage, and now have 14/27 hp.
You hit the orc wizard but do no damage.
Your squeeze misses the orc wizard. You constrict the orc wizard.
The adder closely misses you. The adder bites you.
* * * LOW HITPOINT WARNING * * *
You are poisoned.
The adder poisons you! The orc wizard misses you.
HP[-4]
You take 4 damage, and now have 10/27 hp.
You hit the orc wizard but do no damage.
You constrict the orc wizard.
You kill the orc wizard!
* * * LOW HITPOINT WARNING * * *
You feel sick. The adder closely misses you.
Training target 5.0 for Stealth reached!
Your Stealth skill increases to level 5!
Your Poison Magic skill increases to level 5!
HP[-2]
You take 2 damage, and now have 8/27 hp.
You hit the adder. Your grab misses the adder.
You feel sick. The adder misses you. The orc barely misses you.
The rat bites you.
* * * LOW HITPOINT WARNING * * *
HP[-3]
You take 3 damage, and now have 5/27 hp.
You hit the adder. Your grab misses the adder. Your squeeze misses the adder.
* * * LOW HITPOINT WARNING * * *
You feel sick. The adder bites you.
You die...

Skill      XL: |  1  2  3  4 |
---------------+-------------+-----
Stealth        | 3 4 5 |  5.0
Poison Magic   | 4 5 |  5.1
Dodging        | |  2.0
Spellcasting   | |  2.0
Transmutations | |  1.0

Action                   |  1- 3 |  4- 6 || total
-------------------------+-------+-------++-------
Melee: Unarmed           |     6 |       ||     6
       Club              |    37 |       ||    37
       Tentacles         |    16 |     2 ||    18
       Constrict         |    14 |     1 ||    15
       Dagger            |    18 |     7 ||    25
 Cast: Sting             |    20 |       ||    20
 Stab: Sleeping          |    18 |       ||    18
Armor: Skin              |     2 |     1 ||     3
Dodge: Dodged            |    39 |     6 ||    45

Levels and vault maps discovered:
D:1:      ebering_hopf_link, layout_loops_ring, minmay_surrounded
D:2:      layout_basic, basic_altar
D:3:      layout_loops_ring, minmay_starry_boxes

Notes
Turn   | Place    | Note
-------+----------+-------------------------------------------
     0 | D:1      | zeratav the Octopode Venom Mage began the quest for the
                  | Orb.
     0 | D:1      | Reached XP level 1. HP: 11/11 MP: 3/3
     0 | D:1      | magus.rc [v1.9.6]
   124 | D:1      | Reached skill level 3 in Stealth
   229 | D:1      | HP: 2/11 [frozen (3)]
   544 | D:1      | Reached XP level 2. HP: 17/17 MP: 5/5
   579 | D:1      | Reached skill level 4 in Poison Magic
   885 | D:1      | HP: 2/17 [quokka (3)]
  1199 | D:1      | Reached XP level 3. HP: 21/21 MP: 6/6
  1310 | D:1      | Reached skill level 4 in Stealth
  1464 | D:2      | Found an ornate altar of the Wu Jian Council.
  2601 | D:3      | Reached XP level 4. HP: 17/27 MP: 7/7
  2606 | D:3      | Reached skill level 5 in Stealth
  2606 | D:3      | Reached skill level 5 in Poison Magic
  2606 | D:3      | HP: 5/27 [rat (2)]
  2607 | D:3      | Slain by an adder

Vanquished Creatures
  An orc wizard (D:3)
  An adder (D:3)
  3 worms (D:2)
  7 dart slugs
  6 endoplasms
  2 giant cockroaches (D:1)
  2 hobgoblins (D:1)
  A quokka (D:1)
  2 ball pythons
  A bat (D:2)
  2 frilled lizards (D:1)
  2 goblins
  5 rats
35 creatures vanquished.

Table legend:
 A = Non-vault XP
 B = Vault XP
 C = Vault XP percentage of total XP
 D = Non-vault monster count
 E = Vault monster count
 F = Vault count percentage of total count
                 A         B        C        D         E       F
            +---------+---------+-------+---------+---------+-------
      Total |     110 |      15 |  12.0 |      29 |       6 |  17.1
            +---------+---------+-------+---------+---------+-------
        D:1 |      28 |      15 |  34.9 |      14 |       6 |  30.0
        D:2 |      35 |       0 |   0.0 |      12 |       0 |   0.0
        D:3 |      47 |       0 |   0.0 |       3 |       0 |   0.0
            +---------+---------+-------+---------+---------+-------

Illustrated notes

Table legend:
 A = Kills in this place as a percentage of kills in entire the game.
 B = Kills by you in this place as a percentage of kills by you in the entire game.
 C = Kills by friends in this place as a percentage of kills by friends in the entire game.
 D = Other kills in this place as a percentage of other kills in the entire game.
 E = Experience gained in this place as a percentage of experience gained in the entire game.
 F = Experience gained in this place divided by the number of levels of this place that you have seen.
                   A       B       C       D       E      F
               +-------+-------+-------+-------+-------+----------------------
         Total | 100.0 | 100.0 |   N/A |   N/A | 100.0 |  41.7
       Dungeon | 100.0 | 100.0 |   N/A |   N/A | 100.0 |  41.7
               +-------+-------+-------+-------+-------+----------------------

Table legend: (Time is in decaauts)
 A = Elapsed time spent in this place.
 B = Non-inter-level travel time spent in this place.
 C = Inter-level travel time spent in this place.
 D = Time resting spent in this place.
 E = Time spent auto-exploring this place.
 F = Levels seen in this place.
 G = Mean time per level.
                   A        B        C        D        E       F      G
               +--------+--------+--------+--------+--------+-----+--------+
         Total |   2616 |   2554 |     62 |    717 |   1561 |   3 |  872.0 |
       Dungeon |   2616 |   2554 |     62 |    717 |   1561 |   3 |  872.0 |
               +--------+--------+--------+--------+--------+-----+--------+

Top non-repeatable levels by time:
     D:1: 1460 daAuts
     D:2: 1097 daAuts
     D:3: 58 daAuts
